 Dungeon Crawl Stone Soup version 0.20.0-4-g10b340a (webtiles) character file.

10894 welfe the Cleaver (level 11, -3/92 HPs)
             Began as a Hill Orc Monk on May 27, 2017.
             Was a High Priest of Yredelemnul.
             Slain by Snorg (4 damage)
             ... on level 11 of the Dungeon.
             The game lasted 00:50:43 (11607 turns).

welfe the Cleaver (Hill Orc Monk)                  Turns: 11607, Time: 00:50:44

Health: -3/92      AC: 18    Str: 17    XL:     11   Next: 69%
Magic:  7/17       EV:  2    Int: 10    God:    Yredelemnul [*****.]
Gold:   386        SH:  0    Dex: 22    Spells: 10/10 levels left

rFire    . . .     SeeInvis .   a - +3 war axe (chop)
rCold    . . .     Gourm    .   s - +2 shield
rNeg     + + +     Faith    .   N - +0 plate armour (curse)
rPois    ∞         Spirit   .   (no helmet)
rElec    .         Reflect  .   o - +0 cloak
rCorr    .         Harm     .   H - +0 pair of gloves
MR       .....     Clarity  +   I - +2 pair of boots {run} {Speed+}
Stlth    ..........             (no amulet)
Regen    0.3/turn               K - +2 ring of evasion
MPRegen  0.2/turn               n - +6 ring of dexterity

@: petrified, quick
A: thin skeletal structure 1, clarity, subdued magic 1, MP-powered wands
a: Recall Undead Slaves, Injury Mirror, Animate Dead, Drain Life, Enslave Soul,
Renounce Religion


You were on level 11 of the Dungeon.
You worshipped Yredelemnul.
Yredelemnul was extremely pleased with you.
You were hungry.

You visited 1 branch of the dungeon, and saw 11 of its levels.
You also visited: Bailey.

You collected 568 gold pieces.
You spent 182 gold pieces at shops.

Inventory:

Hand Weapons
 a - a +3 war axe of chopping (weapon)
 b - the +9 hunting sling of Dol Gewao {venom, rC+ Stlth+}
   (You found it on level 4 of the Dungeon)

   It poisons the ammo it fires.
   It protects you from cold.
   It makes you more stealthy.
Missiles
 A - 15 sling bullets
 Q - 317 stones (quivered)
Armour
 o - a +0 cloak (worn)
 s - a +2 shield (worn)
 H - a +0 pair of gloves (worn)
 I - a +2 pair of boots of running (worn) {Speed+}
 N - a cursed +0 plate armour (worn)
Jewellery
 n - a +6 ring of dexterity (right hand)
 y - a cursed -3 ring of intelligence
 C - an uncursed ring of resist corrosion
 F - an uncursed ring of protection from fire
 K - a +2 ring of evasion (left hand)
Wands
 v - a wand of flame (17/48)
 D - a wand of digging (24/24)
 E - a wand of paralysis (15/24)
 M - a wand of lightning (5/15)
Scrolls
 e - a scroll of fear
 f - 3 scrolls of magic mapping {!r}
 i - 9 scrolls of identify
 t - 4 scrolls of teleportation
 w - a scroll of amnesia {unknown}
 x - a scroll of vulnerability {!r!r}
 B - a scroll of blinking {!r}
Potions
 h - 3 potions of ambrosia
 l - 2 potions of berserk rage {!q}
 m - 3 potions of lignification {!q}
 p - a potion of brilliance
 q - a potion of invisibility
 r - 5 potions of heal wounds
 u - a potion of curing {unknown}
 z - 2 potions of might
 G - a potion of resistance
 L - a potion of agility
Books
 J - a book of Misfortune
Comestibles
 c - 6 bread rations
 d - 2 meat rations
 g - 8 fruits
 j - 8 royal jellies
 k - 9 chunks of flesh


   Skills:
 + Level 7.4 Fighting
 * Level 11.9 Axes
 - Level 9.8 Slings
 + Level 6.3 Armour
 - Level 2.4 Dodging
 - Level 1.5 Stealth
 + Level 6.1 Shields
 + Level 8.5 Invocations


You had 10 spell levels left.
You didn't know any spells.

Dungeon Overview and Level Annotations

Branches:
Dungeon (11/15)            Temple (0/1) D:5            Lair (0/6) D:10
    Orc (0/2) D:9

Altars:
Ashenzari
Cheibriados
Dithmenos
Elyvilon
Fedhas
Nemelex Xobeh
Okawaru
Ru
Vehumet
Yredelemnul
Zin
The Shining One

Shops:
D:8 !

Annotations:
D:11 Snorg


Innate Abilities, Weirdness & Mutations

You have a somewhat thin skeletal structure. (Dex +2, Stealth)
You possess an exceptional clarity of mind.
Your spells are a little easier to cast, but a little less powerful.
You expend magic power (3 MP) to strengthen your wands.


Message History

Snorg bites you!
* * * LOW HITPOINT WARNING * * *
Snorg claws you!
* * * LOW HITPOINT WARNING * * *
Snorg claws you. Snorg bites you!
* * * LOW HITPOINT WARNING * * *
Snorg claws you but does no damage. Snorg barely misses you.
The basilisk bites you.
* * * LOW HITPOINT WARNING * * *
Snorg bites you but does no damage. Snorg barely misses you. Snorg claws you.
* * * LOW HITPOINT WARNING * * *
The basilisk bites you!
* * * LOW HITPOINT WARNING * * *
Snorg bites you!
* * * LOW HITPOINT WARNING * * *
Snorg claws you.
* * * LOW HITPOINT WARNING * * *
Snorg claws you!
You die...
Your body rises from the dead as a mindless zombie.

.....# #.....# .
#..... .. #.... ....
... #..# ...#
#..#######..# ...#
#...........# ...#
#...V.l@....# ...#
+..##'T###..# ...#
#..#.....#..# ...#
+..#.....#..# ...#
#..#.....#..# ...#
#..#.....#..#
...#######..#######..#
.....(((..).......[..#
............########.#


You could see Snorg (berserk), a basilisk and a friendly vampire (invisible).

Vault maps used:
D:1:      co_arrival_random_square_maze, serial_forest,
          infiniplex_forest_corner_2, infiniplex_forest_straight_2,
          infiniplex_forest_zigzag_2, infiniplex_forest_end_2,
          infiniplex_forest_end_2, infiniplex_forest_end_3,
          infiniplex_forest_clump_curved, cheibriados_altar_1
D:2:      nicolae_overflow_crystal_walls, lemuel_doored_altar, first_bread,
          chequers_ecumenical_altar_twisty, hangedman_decor_riveting
D:3:      kennysheep_another_room, roderic_ancient_swastika
D:4:      nemelex_dance_club_becter, uniq_ijyb
D:5:      yredelemnul_altar_generic, minmay_temple_entry_mist,
          kennysheep_generic_room_2
D:6:      grunt_dithmenos_smoke, lemuel_round_altar, fedhas_altar_2
D:7:      marbit_many_paths
D:8:      okawaru_gym_becter, nicolae_overflow_hidden_temple, serial_shops,
          shop, enter_bailey_2, minmay_misc_feat_rugged, minmay_orc_keep,
          uniq_pikel
D:9:      fiery_altar_vehumet, nicolae_ru_great_annihilating_truth,
          kennysheep_orc_monster_closet_entryway, uniq_joseph
D:10:     dpeg_oklobed_lair
D:11:     uniq_snorg
Bailey:   bailey_polearm_4, bailey

Notes
Turn   | Place    | Note
-------+----------+-------------------------------------------
     0 | D:1      | welfe the Hill Orc Monk began the quest for the Orb.
     0 | D:1      | Reached XP level 1. HP: 19/19 MP: 1/1
   257 | D:1      | Reached XP level 2. HP: 26/26 MP: 2/2
   285 | D:1      | Found a snail-covered altar of Cheibriados.
   304 | D:1      | Reached skill level 5 in Axes
   524 | D:1      | Identified a ring of resist corrosion (You found it on level 1 of the Dungeon)
   838 | D:1      | Reached XP level 3. HP: 31/31 MP: 3/3
  1258 | D:2      | Identified a +0 hunting sling (You found it on level 1 of the Dungeon)
  1263 | D:2      | Identified a +0 hand axe
  1274 | D:2      | Reached skill level 6 in Axes
  1498 | D:2      | Identified a ring of dexterity (You found it on level 1 of the Dungeon)
  1616 | D:2      | Found a sparkling altar of Nemelex Xobeh.
  1704 | D:2      | Identified a ring of loudness (You found it on level 2 of the Dungeon)
  1705 | D:2      | Identified a scroll of remove curse
  1758 | D:2      | Reached XP level 4. HP: 39/39 MP: 4/4
  1802 | D:2      | Found a shattered altar of Ashenzari.
  2008 | D:2      | Identified a +0 leather armour (You found it on level 2 of the Dungeon)
  2130 | D:2      | Found a faded altar of an unknown god.
  2132 | D:2      | Became a worshipper of Yredelemnul the Dark
  2132 | D:2      | Reached * piety under Yredelemnul
  2132 | D:2      | Reached ** piety under Yredelemnul
  2189 | D:2      | Reached skill level 1 in Invocations
  2234 | D:2      | Reached skill level 2 in Invocations
  2627 | D:3      | Reached *** piety under Yredelemnul
  2781 | D:3      | HP: 5/39 [orc priest/hand axe (5)]
  2782 | D:3      | Reached skill level 3 in Invocations
  2782 | D:3      | Reached XP level 5. HP: 6/45 MP: 7/7
  2783 | D:3      | Identified a potion of mutation
  2783 | D:3      | Gained mutation: Your system is resistant to poisons. (rPois) [potion of mutation]
  2783 | D:3      | Gained mutation: Your mind is acute. (Int +2) [potion of mutation]
  2783 | D:3      | Gained mutation: Your flesh is heat resistant. (rF+) [potion of mutation]
  2785 | D:3      | Reached skill level 4 in Invocations
  3061 | D:3      | Lost mutation: Your system is resistant to poisons. (rPois) [potion of mutation]
  3061 | D:3      | Lost mutation: Your mind is acute. (Int +2) [potion of mutation]
  3061 | D:3      | Lost mutation: Your flesh is heat resistant. (rF+) [potion of mutation]
  3061 | D:3      | Gained mutation: You are dopey. (Int -2) [potion of mutation]
  3061 | D:3      | Gained mutation: You are robust. (+10% HP) [potion of mutation]
  3348 | D:3      | Identified a +0 chain mail (You found it on level 3 of the Dungeon)
  3670 | D:4      | Got a brightly glowing hunting sling
  3672 | D:4      | Identified the +9 hunting sling of Dol Gewao {venom, rC+ Stlth+} (You found it on level 4 of the Dungeon)
  3681 | D:4      | Identified a +2 shield (You found it on level 4 of the Dungeon)
  3798 | D:4      | Reached skill level 1 in Slings
  3798 | D:4      | Reached XP level 6. HP: 55/56 MP: 9/9
  3914 | D:4      | Reached skill level 5 in Invocations
  3943 | D:4      | Noticed Ijyb
  3959 | D:4      | Killed Ijyb
  3959 | D:4      | Reached skill level 2 in Slings
  4072 | D:4      | Identified a ring of protection from fire (You found it on level 4 of the Dungeon)
  4117 | D:4      | Found a sparkling altar of Nemelex Xobeh.
  4228 | D:5      | Entered Level 5 of the Dungeon
  4255 | D:5      | Reached skill level 3 in Slings
  4255 | D:5      | Reached XP level 7. HP: 41/62 MP: 10/10
  4633 | D:2      | Reached **** piety under Yredelemnul
  4748 | D:5      | Reached skill level 4 in Slings
  4792 | D:5      | Noticed inmateoo's ghost (amateur HuWn)
  4794 | D:5      | Killed inmateoo's ghost
  4844 | D:5      | Found a staircase to the Ecumenical Temple.
  4904 | D:5      | Reached skill level 5 in Slings
  5039 | D:5      | Found a basalt altar of Yredelemnul.
  5132 | D:5      | Identified a cursed +0 pair of gloves (You found it on level 5 of the Dungeon)
  5511 | D:6      | Reached XP level 8. HP: 70/70 MP: 11/11
  5516 | D:6      | Reached skill level 6 in Slings
  5614 | D:6      | Found a glowing silver altar of Zin.
  5727 | D:6      | Found a blossoming altar of Fedhas.
  5783 | D:6      | Reached skill level 7 in Slings
  5828 | D:6      | Identified a ring of intelligence (You found it on level 6 of the Dungeon)
  6014 | D:6      | Received a gift from Yredelemnul (a wight)
  6109 | D:6      | Found a shadowy altar of Dithmenos.
  6156 | D:7      | Reached skill level 8 in Slings
  6386 | D:7      | Found a glowing golden altar of the Shining One.
  6530 | D:7      | Reached XP level 9. HP: 77/77 MP: 12/12
  6551 | D:7      | Received a gift from Yredelemnul (a wight)
  6737 | D:7      | Identified a cursed -3 war axe (You found it on level 7 of the Dungeon)
  6796 | D:7      | Reached skill level 9 in Slings
  7114 | D:8      | Noticed Pikel
  7125 | D:8      | Killed Pikel
  7126 | D:8      | Received a gift from Yredelemnul (a mummy)
  7149 | D:8      | Found an iron altar of Okawaru.
  7206 | D:8      | Identified a +1 war axe of chopping (You found it on level 8 of the Dungeon)
  7227 | D:8      | Found Kees's Distillery.
  7233 | D:8      | Bought a potion of heal wounds for 70 gold pieces
  7233 | D:8      | Bought a potion of mutation for 112 gold pieces
  7233 | D:8      | Lost mutation: You are dopey. (Int -2) [potion of mutation]
  7233 | D:8      | Lost mutation: You are robust. (+10% HP) [potion of mutation]
  7233 | D:8      | Gained mutation: You are dopey. (Int -2) [potion of mutation]
  7233 | D:8      | Gained mutation: Scrolls take you a little longer to read. [potion of mutation]
  7233 | D:8      | Gained mutation: You can translocate small distances at will. [potion of mutation]
  7234 | D:8      | Lost mutation: Scrolls take you a little longer to read. [potion of mutation]
  7234 | D:8      | Lost mutation: You are dopey. (Int -2) [potion of mutation]
  7234 | D:8      | Lost mutation: You can translocate small distances at will. [potion of mutation]
  7234 | D:8      | Gained mutation: You have a somewhat thin skeletal structure. (Dex +2, Stealth) [potion of mutation]
  7234 | D:8      | Gained mutation: You expend magic power (3 MP) to strengthen your wands. [potion of mutation]
  7234 | D:8      | Gained mutation: Your spells are a little easier to cast, but a little less powerful. [potion of mutation]
  7234 | D:8      | Gained mutation: You possess an exceptional clarity of mind. [potion of mutation]
  7289 | D:8      | Found a flagged portal.
  7293 | D:8      | Noticed a hornet
  7303 | D:8      | Paralysed by a hornet for 3 turns
  7308 | Bailey   | Entered a bailey
  7308 | Bailey   | Noticed an orc knight
  7309 | Bailey   | Identified 2 potions of invisibility
  7309 | Bailey   | HP: 17/71 [poisoned by a hornet]
  7310 | Bailey   | Identified a potion of agility
  7311 | Bailey   | Identified 3 potions of berserk rage
  7314 | Bailey   | HP: 16/71 [poisoned by a hornet]
  7315 | Bailey   | Identified a potion of degeneration
  7316 | Bailey   | Identified a potion of resistance
  7317 | Bailey   | Identified 2 potions of brilliance
  7318 | Bailey   | Identified a potion of might
  7319 | Bailey   | Identified 4 potions of ambrosia
  7345 | Bailey   | Noticed HungrySpirit's ghost (novice GrFi)
  7358 | D:8      | Killed a hornet
  7358 | D:8      | Reached skill level 1 in Armour
  7358 | D:8      | Reached skill level 1 in Shields
  7373 | D:8      | Reached skill level 4 in Fighting
  7373 | D:8      | Reached skill level 7 in Axes
  7903 | D:8      | Found a white marble altar of Elyvilon.
  7948 | D:8      | Reached ***** piety under Yredelemnul
  7965 | D:8      | Reached skill level 2 in Armour
  8267 | D:8      | Reached skill level 2 in Shields
  8398 | D:8      | Received a gift from Yredelemnul (4 flying skulls)
  8739 | D:9      | Identified a +0 cloak (You found it on level 9 of the Dungeon)
  8787 | D:9      | Identified a +2 pair of boots of running (You found it on level 9 of the Dungeon)
  8800 | D:9      | Reached skill level 8 in Axes
  8816 | D:9      | Noticed a troll
  8824 | D:9      | Killed a troll
  8824 | D:9      | Identified a +0 troll leather armour
  8824 | D:9      | Reached XP level 10. HP: 80/80 MP: 14/14
  8913 | D:9      | Reached skill level 5 in Fighting
  8913 | D:9      | Reached skill level 3 in Armour
  8913 | D:9      | Reached skill level 3 in Shields
  8919 | D:9      | Reached skill level 6 in Invocations
  8938 | D:9      | Reached skill level 9 in Axes
  9222 | D:9      | Found a radiant altar of Vehumet.
  9330 | D:9      | Found a sacrificial altar of Ru.
  9378 | D:9      | Noticed a two-headed ogre
  9386 | D:9      | Killed a two-headed ogre
  9479 | D:9      | Noticed Joseph
  9488 | D:9      | Killed Joseph
  9488 | D:9      | Reached skill level 4 in Armour
  9692 | D:9      | Reached skill level 4 in Shields
  9813 | D:9      | Found a staircase to the Orcish Mines.
  9865 | D:10     | Entered Level 10 of the Dungeon
 10085 | D:10     | Found a staircase to the Lair.
 10085 | D:10     | Noticed an oklob plant
 10107 | D:10     | Noticed a two-headed ogre
 10119 | D:10     | Killed a two-headed ogre
 10119 | D:10     | Reached skill level 6 in Fighting
 10119 | D:10     | Reached skill level 10 in Axes
 10119 | D:10     | HP: 12/83 [troll (10)]
 10122 | D:10     | Identified a +0 troll leather armour
 10122 | D:10     | Reached skill level 7 in Invocations
 10405 | D:10     | Killed an oklob plant
 10405 | D:10     | Reached skill level 5 in Armour
 10405 | D:10     | Reached skill level 5 in Shields
 10405 | D:10     | Reached XP level 11. HP: 72/91 MP: 16/16
 10466 | D:10     | Identified a cursed +0 plate armour (You found it on level 10 of the Dungeon)
 10470 | D:10     | Identified a ring of evasion (You found it on level 9 of the Dungeon)
 10472 | D:10     | Identified 2 scrolls of vulnerability
 10473 | D:10     | Identified 2 scrolls of enchant weapon
 10475 | D:10     | Identified a scroll of recharging
 10476 | D:10     | Identified 5 scrolls of teleportation
 10477 | D:10     | Identified 9 scrolls of identify
 10477 | D:10     | Identified a potion of lignification
 10478 | D:10     | Identified a scroll of noise
 10479 | D:10     | Identified 2 scrolls of blinking
 10480 | D:10     | Identified 2 scrolls of fear
 10481 | D:10     | Identified 4 scrolls of magic mapping
 10488 | D:10     | Noticed a manticore
 10513 | D:10     | Killed a manticore
 10519 | D:10     | Reached skill level 11 in Axes
 10519 | D:10     | Received a gift from Yredelemnul (a vampire)
 10680 | D:10     | Noticed a two-headed ogre
 10691 | D:10     | Killed a two-headed ogre
 10691 | D:10     | Reached skill level 8 in Invocations
 10882 | D:10     | Received a gift from Yredelemnul (2 flying skulls)
 10934 | D:10     | Noticed a two-headed ogre
 10943 | D:10     | Killed a two-headed ogre
 10943 | D:10     | Reached skill level 7 in Fighting
 11268 | D:11     | Reached skill level 6 in Armour
 11376 | D:11     | Noticed a cyclops
 11387 | D:11     | Killed a cyclops
 11421 | D:11     | Killed an unseen horror
 11514 | D:11     | Reached skill level 6 in Shields
 11592 | D:11     | Noticed Snorg
 11605 | D:11     | HP: 19/92 [Snorg (8)]
 11607 | D:11     | HP: 4/92 [Snorg (6)]
 11607 | D:11     | HP: 1/92 [Snorg (3)]
 11607 | D:11     | Slain by Snorg

Table legend:
 A = Turns spent in this place as a percentage of turns spent in the entire game.
 B = Non-inter-level travel turns spent in this place as a percentage of non-inter-level travel turns spent in the entire game.
 C = Inter-level travel turns spent in this place as a percentage of turns spent in this place.
 D = Turns resting spent in this place as a percentage of non-inter-level travel turns spent in this place.
 E = Turns spent auto-exploring this place as a percentage of non-inter-level travel turns spent in this place.
 F = Non-inter-level travel turns spent in this place divided by the number of levels of this place that you've seen.
                   A       B       C       D       E      F
               +-------+-------+-------+-------+-------+----------------------
         Total | 100.0 | 100.0 |   0.6 |   2.7 |   9.0 | 232.2
       Dungeon |  98.6 |  98.6 |   0.7 |   2.3 |   9.1 | 249.9
        Bailey |   1.4 |   1.4 |   0.0 |  34.2 |   0.0 |  38.0
               +-------+-------+-------+-------+-------+----------------------

Table legend:
 A = Kills in this place as a percentage of kills in entire the game.
 B = Kills by you in this place as a percentage of kills by you in the entire game.
 C = Kills by friends in this place as a percentage of kills by friends in the entire game.
 D = Other kills in this place as a percentage of other kills in the entire game.
 E = Experience gained in this place as a percentage of experience gained in the entire game.
 F = Experience gained in this place divided by the number of levels of this place that you have seen.
                   A       B       C       D       E      F
               +-------+-------+-------+-------+-------+----------------------
         Total | 100.0 | 100.0 | 100.0 | 100.0 | 100.0 | 1297.0
       Dungeon | 100.0 | 100.0 | 100.0 | 100.0 | 100.0 | 1414.9
               +-------+-------+-------+-------+-------+----------------------

Skill      XL: |  1  2  3  4  5  6  7  8  9 10 11 |
---------------+----------------------------------+-----
Axes           | 5 6 8 10 11 | 11.9
Invocations    | 3 4 5 7 8 |  8.5
Slings         | 1 3 5 8 9 |  9.8
Armour         | 2 5 6 |  6.3
Shields        | 2 5 6 |  6.1
Fighting       | 4 6 7 |  7.4
Dodging        | |  2.4
Stealth        | |  1.5

Action                   |  1- 3 |  4- 6 |  7- 9 | 10-12 || total
-------------------------+-------+-------+-------+-------++-------
Melee: Hand axe          |   104 |    47 |    34 |       ||   185
       War axe           |       |       |    45 |   237 ||   282
 Fire: Hunting sling     |    13 |   100 |   172 |    28 ||   313
Throw: Stone             |       |       |    10 |     2 ||    12
Invok: Animate Dead      |       |     3 |     3 |     1 ||     7
       Animate Remains   |       |     2 |       |       ||     2
       Recall Undead Sla |       |       |     3 |     2 ||     5
       Drain Life        |       |       |       |     2 ||     2
  Use: Scroll            |     1 |       |     1 |    10 ||    12
       Potion            |       |     2 |    10 |       ||    12
 Stab: Sleeping          |     1 |     1 |       |       ||     2
       Distracted        |       |     1 |     2 |     6 ||     9
       Paralysed         |       |       |       |     1 ||     1
  Eat: Chunk             |     1 |     8 |    15 |    10 ||    34
       Royal jelly       |       |     1 |       |       ||     1
       Fruit             |       |     1 |       |     1 ||     2
       Meat ration       |       |       |     1 |       ||     1
Armor: Robe              |    43 |     1 |       |       ||    44
       Leather armour    |       |     3 |       |       ||     3
       Chain mail        |       |     6 |    51 |    44 ||   101
       Plate armour      |       |       |       |    71 ||    71
Dodge: Dodged            |   115 |    36 |    40 |    51 ||   242
Block: Shield            |       |     6 |    68 |   163 ||   237

Vanquished Creatures
  3 two-headed ogres
  An unseen horror (D:11)
  An oklob plant (D:10)
  A manticore (D:10)
  Joseph (D:9)
  A troll (D:10)
  A hippogriff (D:11)
  A hornet (D:8)
  8 yaks
  A hungry ghost (D:10)
  3 sky beasts
  An orc warrior (D:8)
  An ice beast (D:7)
  A black bear (D:10)
  4 ogres
  A phantom (D:8)
  The ghost of inmateoo the Insei, an amateur HuWn (D:5)
  5 centaurs
  A big kobold (D:10)
  3 bullfrogs
  A wyvern skeleton (D:6)
  A scorpion (D:7)
  5 wights (D:6)
  6 crimson imps
  A centaur zombie (D:5)
  7 hounds
  2 jellies
  4 orc wizards
  A centaur skeleton (D:6)
  6 orc priests
  A gnoll shaman (D:8)
  A bullfrog skeleton (D:11)
  5 worker ants
  Ijyb (D:4)
  A howler monkey zombie (D:8)
  A worker ant zombie (D:5)
  6 gnolls
  7 adders
  3 shadow imps
  2 oozes
  An adder skeleton (D:10)
  An adder zombie (D:8)
  A worm (D:5)
  2 dart slugs
  3 leopard geckos
  28 orcs
  A ball python (D:3)
  14 bats
  5 giant cockroaches
  8 goblins
  6 hobgoblins
  10 jackals
  5 quokkas
  2 frilled lizards
  12 kobolds
  A leopard gecko skeleton (D:8)
  A leopard gecko zombie (D:5)
  A quokka skeleton (D:7)
  7 rats
  5 plants (D:10)
216 creatures vanquished.

Vanquished Creatures (collateral kills)
  A two-headed ogre (D:10)
  Pikel (D:8)
  A cyclops (D:11)
  A troll (D:9)
  2 hippogriffs
  A wraith (D:11)
  A wyvern (D:11)
  A yak (D:10)
  A hungry ghost (D:8)
  A slave (D:8)
  2 ogres
  An ice beast (D:9)
  3 big kobolds
  2 bullfrogs
  2 gnoll sergeants (D:9)
  A wyvern skeleton (D:9)
  A scorpion (D:9)
  A howler monkey (D:9)
  5 crimson imps
  2 centaur zombies
  4 orc priests
  A bullfrog skeleton (D:10)
  A centaur skeleton (D:9)
  3 orc wizards
  2 worker ants (D:9)
  2 hound skeletons
  3 gnolls (D:8)
  2 adders
  2 shadow imps (D:9)
  A leopard gecko (D:3)
  5 orcs
  2 goblins
  6 kobolds
  A quokka skeleton (D:9)
66 creatures vanquished.

Vanquished Creatures (others)
  6 flying skulls
  A black bear (D:8)
  A bullfrog (D:8)
  2 wights (D:8)
  A howler monkey (D:8)
  A hound (D:8)
  An iguana (D:8)
  A mummy (D:8)
  A jackal (D:8)
  3 jackal zombies (D:3)
  3 orc zombies
21 creatures vanquished.

Grand Total: 303 creatures vanquished
